Map: Mech Depot LE

Players

Bhane

  • Race: Zerg Zerg
  • League: Gold
  • Spawn Location: 7:00

A.I. 1 (Easy) - Winner!

  • Race: Terran Terran
  • Spawn Location: 1:00

VOD

Have the link to the VOD?

Description

Time

  • Played on: Aug. 24, 2017, 4:43 p.m.
  • Length: 1:48
Show
View Real Time Build Order
Export as new Build Order

Bhane Zerg 

Build Orders:  

Get SALT Encoding   

  12  0:01  Drone  
  13  0:12  Overlord  
  13  0:17  Drone  
  14  0:30  Drone x2  
  14  0:34  Drone  
  17  0:55  Hatchery  
  16  0:58  Drone  
  16  1:00  Drone  
  18  1:04  Extractor  
  18  1:08  Drone  
  18  1:17  Drone  
  19  1:28  Overlord  
Show
View Real Time Build Order
Export as new Build Order

A.I. 1 (Easy) Terran - Winner!

Build Orders:  

Get SALT Encoding   

  12  0:00  SCV  
  13  0:13  SCV  
  14  0:18  Supply Depot  
  14  0:25  SCV  
  15  0:39  SCV  
  16  0:44  Barracks  
  16  0:47  Refinery  
  16  1:12  Supply Depot  
  16  1:22  Refinery  
Tags
 
League
Gold
Matchup
TvZ
Spawn Locations
Cross Positions
Add a new tag
Caveats
  • Supply blocks, unpowered buildings, or Contaminate may cause inaccurate times.
  • Supply counts are checked every 10 seconds.